Map: Frost LE

Players

Fropez - Winner!

  • Race: Protoss Protoss
  • League: Gold
  • Spawn Location: 11:00

Celentras

  • Race: Terran Terran
  • League: Platinum
  • Spawn Location: 1:00

VOD

Have the link to the VOD?

Description

Time

  • Played on: Nov. 13, 2016, 10:04 a.m.
  • Length: 13:44
Show
View Real Time Build Order
Export as new Build Order

Fropez Protoss - Winner!

Build Orders:  

Get SALT Encoding   

  12  0:01  Probe (Chrono Boost)  
  13  0:13  Probe (Chrono Boost)  
  14  0:19  Pylon  
  14  0:23  Probe (Chrono Boost)  
  15  0:37  Probe (Chrono Boost)  
  16  0:46  Gateway  
  16  0:48  Probe (Chrono Boost), Assimilator  
  17  1:01  Probe (Chrono Boost)  
  18  1:08  Pylon  
  18  1:11  Probe (Chrono Boost)  
  19  1:22  Probe (Chrono Boost)  
  19  1:23  Pylon  
  19  1:24  Assimilator  
  21  1:33  Probe (Chrono Boost)  
  21  1:43  Probe (Chrono Boost)  
  21  1:45  Cybernetics Core  
  22  1:54  Probe (Chrono Boost)  
  23  2:00  Gateway  
  23  2:04  Probe (Chrono Boost)  
  24  2:15  Probe (Chrono Boost)  
  27  2:28  Stalker  
  27  2:31  Mothership Core (Chrono Boost)  
  28  2:44  Gateway  
  28  2:45  Pylon  
  28  2:49  Probe (Chrono Boost)  
  29  2:55  Stalker  
  31  3:00  Probe (Chrono Boost)  
  32  3:10  Probe (Chrono Boost)  
  33  3:15  Stalker  
  35  3:21  Probe (Chrono Boost)  
  35  3:23  Nexus  
  36  3:29  Warp Gate (Chrono Boost)  
  36  3:31  Probe (Chrono Boost)  
  37  3:41  Stalker  
  39  3:52  Probe  
  40  4:04  Probe, Assimilator  
  40  4:05  Twilight Council  
  40  4:06  Pylon  
  41  4:13  Robotics Facility  
  41  4:18  Adept  
  41  4:20  Adept  
  45  4:28  Adept  
  47  4:31  Probe  
  47  4:34  Probe  
  49  4:47  Adept  
  49  4:48  Adept  
  49  4:49  Resonating Glaives (Chrono Boost)  
  53  4:58  Probe x2  
  53  4:59  Assimilator  
  55  5:04  Observer  
  56  5:22  Pylon  
  56  5:23  Pylon, Probe  
  56  5:24  Warp Prism, Probe  
  56  5:27  Stalker  
  62  5:31  Stalker  
  64  5:39  Pylon, Probe  
  64  5:42  Stalker  
  67  6:02  Observer  
  68  6:12  Stalker x2  
  68  6:13  Stalker  
  74  6:20  Probe  
  74  6:21  Probe  
  76  6:26  Gateway  
  76  6:31  Pylon  
  76  6:50  Stalker  
  76  6:51  Stalker x2  
  76  6:52  Probe x2  
  84  7:01  Pylon  
  84  7:04  Pylon  
  84  7:23  Adept x3  
  80  7:45  Adept x3  
  80  7:50  Immortal  
  68  8:20  Adept x2  
  68  8:21  Adept  
  72  8:35  Probe  
  73  8:42  Pylon  
  73  8:54  Nexus  
  73  8:57  Assimilator  
  73  8:59  Assimilator, Stalker x2  
  73  9:00  Stalker x2  
  81  9:03  Pylon, Charge (Chrono Boost)  
  81  9:04  Pylon  
  81  9:05  Probe  
  81  9:06  Probe  
  81  9:08  Pylon  
  83  9:15  Observer  
  83  9:16  Pylon  
  84  9:18  Probe x2  
  81  9:31  Mothership Core  
  64  9:36  Adept x2  
  64  9:37  Adept x2  
  64  9:38  Pylon  
  68  9:41  Pylon  
  50  10:06  Pylon, Probe x2  
  52  10:17  Adept x3  
  52  10:20  Adept  
  60  10:36  Probe  
  60  10:38  Probe  
  60  10:39  Probe  
  63  10:49  Probe  
  63  10:51  Probe  
  65  11:03  Templar Archives  
  66  11:04  Probe  
  66  11:14  Adept x3  
  66  11:15  Pylon  
  68  11:43  Probe  
  68  11:45  Probe x2  
  63  11:48  Immortal  
  63  11:53  Adept x3  
  73  11:56  Probe  
  73  11:58  Probe  
  75  12:08  Adept  
  63  13:18  Adept x4  
Show
View Real Time Build Order
Export as new Build Order

Celentras Terran 

Build Orders: Reaper Expand, MMM Bio 

Get SALT Encoding   

  12  0:01  SCV  
  13  0:13  SCV  
  14  0:19  Supply Depot  
  14  0:25  SCV  
  15  0:40  SCV  
  15  0:41  Barracks  
  16  0:47  Refinery  
  16  0:52  SCV  
  17  1:04  SCV  
  18  1:16  SCV  
  19  1:30  Orbital Command  
  19  1:34  Reaper  
  20  1:57  Command Center  
  20  2:05  SCV  
  21  2:17  SCV  
  22  2:29  SCV  
  23  2:31  Barracks Reactor  
  23  2:33  Factory  
  23  2:46  Engineering Bay  
  23  2:56  Supply Depot  
  23  3:08  SCV  
  24  3:13  Marine x2  
  24  3:15  SCV  
  27  3:20  SCV  
  28  3:34  Orbital Command  
  28  3:38  Refinery  
  28  3:42  Starport, Factory  
  28  3:43  Engineering Bay  
  28  3:44  SCV  
  28  3:45  Marine x2  
  31  3:56  SCV  
  31  3:57  Factory Reactor  
  32  4:03  Marine x2  
  32  4:07  Supply Depot  
  32  4:08  SCV  
  35  4:16  Factory Tech Lab  
  35  4:18  Starport Tech Lab  
  35  4:20  SCV  
  36  4:25  Supply Depot  
  36  4:26  SCV, Supply Depot  
  36  4:27  Barracks  
  37  4:32  SCV  
  37  4:33  Factory Reactor  
  38  4:38  SCV  
  39  4:51  SCV  
  39  4:52  SCV  
  41  4:56  Refinery  
  41  4:57  Refinery  
  41  4:59  Marine x2  
  43  5:00  Supply Depot  
  43  5:01  Supply Depot  
  43  5:03  Cloaking Field  
  43  5:04  SCV x2  
  45  5:10  Banshee  
  48  5:17  Marine, Barracks Tech Lab  
  48  5:19  SCV x2  
  51  5:25  Barracks  
  51  5:31  SCV x2  
  51  5:33  Supply Depot  
  53  5:38  Supply Depot  
  53  5:39  Supply Depot  
  53  5:42  Stimpack  
  53  5:43  SCV x2  
  55  5:51  Command Center  
  55  5:54  Terran Infantry Weapons Level 1  
  55  6:12  SCV x2  
  55  6:13  Marine x3  
  55  6:14  Marauder  
  55  6:17  Hellion x2  
  66  6:23  Liberator  
  66  6:24  SCV  
  67  6:36  SCV, Marauder  
  67  6:37  Marine, SCV  
  67  6:38  Marine x2  
  74  6:48  SCV  
  74  6:49  SCV  
  76  6:55  Marine, Missile Turret  
  76  6:56  Marine x2  
  76  6:57  Marauder, Engineering Bay  
  81  7:13  Marine x2  
  81  7:14  Marine, Siege Tank  
  81  7:15  Hellion x2  
  91  7:18  Marine  
  90  7:36  Hellion  
  67  7:45  Marine x3  
  67  7:46  Marauder  
  59  8:02  Marine  
  59  8:03  Marine x2  
  55  8:07  Marauder  
  50  8:15  SCV x3  
  50  8:23  Marine x3  
  53  8:27  SCV  
  53  8:28  Marauder  
  53  8:38  Orbital Command  
  53  8:41  Marine x3  
  55  8:45  SCV  
  55  8:46  SCV  
  58  8:50  Marauder  
  60  8:57  SCV  
  60  8:58  Marine, Terran Infantry Armor Level 1  
  60  8:59  Marine, Combat Shields  
  32  10:00  Marine x3, Marauder  
  32  10:02  SCV x3  
  32  10:04  Siege Tank  
  32  10:05  Hellion x2  
  41  10:14  SCV x3  
  41  10:17  Marine  
  41  10:18  Marine x2  
  41  10:21  Missile Turret  
  46  10:22  Marauder  
  46  10:26  SCV, Hellion  
  51  10:29  Barracks  
  51  10:30  Barracks  
  51  10:40  Banshee  
  54  10:43  Marauder  
  54  10:44  Marine x3  
  54  10:46  SCV x3  
  62  10:58  SCV  
  62  10:59  SCV x2  
  62  11:00  Hellion x2  
  62  11:01  Marine, Hellion  
  62  11:04  Marine x2, Marauder  
  72  11:10  SCV  
  72  11:11  SCV x2  
  79  11:17  Refinery  
  79  11:19  Marine, Refinery  
  79  11:22  Marine x2, SCV, Hellion  
  79  11:23  SCV x2, Banshee  
  78  11:25  Marine  
  71  11:33  Command Center  
  71  11:34  SCV  
  71  11:35  SCV x2  
  69  11:46  SCV  
  63  11:47  SCV x2  
  63  11:49  Marine  
  63  11:50  Marine  
  64  11:58  SCV  
  64  11:59  SCV x2  
  67  12:11  SCV x3  
  63  12:23  SCV x3  
  58  12:33  Marine x4  
  58  12:34  Marine, Marauder  
  58  12:35  SCV x2  
  67  12:50  Marine  
  67  12:51  Marine x2  
  69  12:55  Marauder  
  49  13:16  Marauder  
  26  13:31  SCV  
  26  13:32  SCV x2  
Tags
 
Composition
MMM Bio
Matchup
PvT
Replay Pack
All Mines
Spawn Locations
Close Positions
Add a new tag
Caveats
  • Supply blocks, unpowered buildings, or Contaminate may cause inaccurate times.
  • Supply counts are checked every 10 seconds.